 Dungeon Crawl Stone Soup version 0.19-a0-892-g8a19e52 (webtiles) character file.

94 mopl the Skirmisher (level 4, 21/42 HPs)
             Began as a Hill Orc Wanderer on July 4, 2016.
             Quit the game on level 3 of the Dungeon.
             The game lasted 00:03:58 (2415 turns).

mopl the Skirmisher (Hill Orc Wanderer)             Turns: 2415, Time: 00:03:59

Health: 21/42      AC:  2    Str: 14    XL:     4   Next: 63%
Magic:  5/5        EV: 11    Int: 11    God:
Gold:   39         SH:  0    Dex: 12    Spells: 0 memorised, 5 levels left

rFire  . . .     SeeInvis .     a - +0 hand axe
rCold  . . .     Gourm    .     e - +0 robe
rNeg   . . .     Faith    .     (no shield)
rPois  .         Spirit   .     (no helmet)
rElec  .         Dismiss  .     (no cloak)
rCorr  .         Reflect  .     (no gloves)
SustAt .         Harm     .     (no boots)
MR     .....                    (no amulet)
Stlth  ++........               (no ring)
                                (no ring)

@: not resistant to hostile enchantments, unstealthy
A: no striking features
a: no special abilities


You were on level 3 of the Dungeon.
You were not hungry.

You visited 1 branch of the dungeon, and saw 3 of its levels.

You collected 39 gold pieces.

Inventory:

Hand Weapons
 a - a +0 hand axe (weapon)
 c - a +0 short sword
 l - a +2 dagger
 q - a +2 dagger of flaming
 s - a +1 spear
Missiles
 j - 43 stones (quivered)
 t - 20 bolts
 x - 17 poisoned needles
Armour
 e - a +0 robe (worn)
Scrolls
 b - a scroll of blinking
 g - 2 scrolls of identify {unknown}
 h - a scroll of recharging {unknown}
 i - 2 scrolls of enchant weapon
 k - 2 scrolls of remove curse
 u - a scroll of immolation {unknown}
 v - a scroll of enchant armour {unknown}
Potions
 m - 2 potions of curing {unknown}
 p - a potion of flight {unknown}
 w - a potion of heal wounds {unknown}
Books
 d - the Handbook of Weightlessness

   Spells                             Type                      Level
   a - Shock                          Conjuration/Air              1
   b - Mephitic Cloud                 Conjuration/Poison/Air       3
Comestibles
 f - 2 bread rations
 n - a royal jelly
 o - a slice of pizza
 r - 3 meat rations


   Skills:
 + Level 5.3 Fighting
 * Level 0.3 Axes
 + Level 2.0 Throwing
 + Level 2.2 Armour
 + Level 1.0 Dodging
 - Level 1.0 Stealth
 - Level 1.1 Unarmed Combat
 - Level 1.0 Spellcasting
   Level 1.0 Conjurations
   Level 1.0 Air Magic
   Level 1.0 Evocations


You had 5 spell levels left.
You didn't know any spells.

Dungeon Overview and Level Annotations

Branches:
Dungeon (3/15)

Altars:
Jiyva


Message History

The bat barely misses you. The bat hits you but does no damage.
Found 8 stones.
The bat barely misses you.
You completely miss the bat.
The bat is severely wounded.
The bat hits you but does no damage. The bat closely misses you.
The bat closely misses you. The bat hits you but does no damage.
You hit the bat.
You kill the bat!
Your Throwing skill increases to level 2!
You see here a bat corpse.
Really renounce your faith, foregoing its fabulous benefits?
Are you sure you won't change your mind later?
You have lost your religion!
Jiyva does not appreciate desertion!
All of your fellow slimes turn on you.
Unknown command.
Are you sure you want to abandon this character and quit the game? (Confirm with "yes".)

.# ###########.# .
##(..#.......###### .
##........ ........# .
#......(.###...# #.####.
.........#.....###J.....
......)......#..........
.......@.#...#..##......
#............#..##.##...
.#.....#....J)...>.##.#.
##...####..###.#####.#.
#### #..# #.#####.#.
.....##.##.##.#.
......#.#.#.#.....
###........##.#####
....## ####.# ##


You could see a jelly.

Vanquished Creatures
  4 adders
  A worm (D:2)
  2 dart slugs (D:1)
  3 giant geckos
  4 giant cockroaches
  6 goblins
  5 hobgoblins
  A quokka (D:2)
  A ball python (D:1)
  6 bats
  A giant newt (D:2)
  9 kobolds
  5 rats
48 creatures vanquished.

Vanquished Creatures (others)
  A worm (D:2)
  A giant gecko (D:2)
2 creatures vanquished.

Grand Total: 50 creatures vanquished

Notes
Turn   | Place    | Note
-------+----------+-------------------------------------------
     0 | D:1      | mopl the Hill Orc Wanderer began the quest for the Orb.
     0 | D:1      | mopl set off with: a +2 dagger, a scroll of blinking, a +0 short sword, the Handbook of Weightlessness, a +0 robe, a bread ration
     0 | D:1      | Reached XP level 1. HP: 22/22 MP: 2/2
     0 | D:1      | Identified the Handbook of Weightlessness
    73 | D:1      | Reached skill level 5 in Fighting
   255 | D:1      | Reached XP level 2. HP: 24/29 MP: 3/3
   375 | D:1      | Reached skill level 1 in Throwing
   632 | D:1      | Reached skill level 1 in Armour
   817 | D:1      | Reached XP level 3. HP: 27/36 MP: 4/4
  1521 | D:2      | Reached XP level 4. HP: 8/42 MP: 5/5
  1823 | D:2      | Reached skill level 2 in Armour
  1823 | D:2      | Reached skill level 1 in Dodging
  1982 | D:2      | Found a faded altar of an unknown god.
  1994 | D:2      | Became a worshipper of Jiyva Jeteahye the Shapeless
  1994 | D:2      | Reached * piety under Jiyva
  2412 | D:3      | Reached skill level 2 in Throwing
  2414 | D:3      | Fell from the grace of Jiyva
  2415 | D:3      | Quit the game

Vault maps used:
D:1:      dpeg_arrival_simpleton_c, wad_floor_pattern_untrapped, st_stairs_6
D:2:      ecumenical_altar_1
D:3:      first_bread, st_stairs_12, corexii_shack

Skill      XL: |  1  2  3  4 |
---------------+-------------+-----
Fighting       | 5 |  5.3
Throwing       | 1 2 |  2.0
Armour         | 1 2 |  2.2
Dodging        | 1 |  1.0
Axes           | |  0.3
Stealth        | |  1.0
Unarmed Combat | |  1.1
Spellcasting   | |  1.0
Conjurations   | |  1.0
Air Magic      | |  1.0
Evocations     | |  1.0

Action                   |  1- 3 |  4- 6 || total
-------------------------+-------+-------++-------
Melee: Dagger            |    42 |       ||    42
       Spear             |   118 |    10 ||   128
       Hand axe          |       |    38 ||    38
Invok: Renounce Religion |       |     1 ||     1
  Use: Scroll            |     2 |       ||     2
 Stab: Sleeping          |     3 |     1 ||     4
  Eat: Chunk             |     2 |     3 ||     5
Armor: Robe              |    25 |    19 ||    44
Dodge: Dodged            |    85 |    26 ||   111
